 Dungeon Crawl Stone Soup version 0.23-a0-305-g7ffd15e (webtiles) character file.

1030 MisterFreud the Grappler (level 8, -1/74 HPs)
             Began as a Troll Monk on Oct 9, 2018.
             Slain by Duvessa
             ... wielding a +0 rapier
              (9 damage)
             ... on level 4 of the Dungeon.
             The game lasted 00:06:56 (2708 turns).

MisterFreud the Grappler (Troll Monk)               Turns: 2708, Time: 00:06:56

Health: -1/74      AC:  5    Str: 20    XL:     8   Next: 3%
Magic:  7/7        EV: 10    Int:  8    God:
Gold:   115        SH:  0    Dex: 12    Spells: 7/7 levels left

rFire    . . .     SeeInvis .     - Unarmed
rCold    . . .     Gourm    +   (no shield)
rNeg     . . .     Faith    .   a - +0 robe
rPois    .         Spirit   .   (helmet restricted)
rElec    .         Reflect  .   (no cloak)
rCorr    .         Harm     .   (gloves unavailable)
MR       .....                  (boots unavailable)
Stlth    ++........             (no amulet)
HPRegen  0.62/turn              (no ring)
MPRegen  0.10/turn              (no ring)

@: no status effects
A: large, unfitting armour, claws 3, fast metabolism 3, gourmand, regeneration
1, shaggy fur 1, tough skin 2
a: no special abilities


You were on level 4 of the Dungeon.
You were very full.

You visited 1 branch of the dungeon, and saw 4 of its levels.

You collected 115 gold pieces.

Inventory:

Missiles
 f - 124 stones
 j - 3 large rocks (quivered)
 k - a throwing net
 p - 4 tomahawks
Armour
 a - a +0 robe (worn)
 m - a +1 shield
Scrolls
 c - 2 scrolls of magic mapping
 e - a scroll of fear
 g - 3 scrolls of identify
 o - 3 scrolls of remove curse
Potions
 h - a potion of lignification
 l - a potion of invisibility
 r - a potion of agility
Comestibles
 b - 8 rations


   Skills:
 - Level 2.4 Fighting
 + Level 1.1 Throwing
 - Level 2.4 Dodging
 - Level 1.0 Stealth
 + Level 3.1 Shields
 + Level 8.8 Unarmed Combat


You had 7 spell levels left.
You didn't know any spells.
Your spell library was empty.

Dungeon Overview and Level Annotations

Branches:
Dungeon (4/15)
 Temple: D:4-7

Altars:

Annotations:
D:4 Duvessa


Innate Abilities, Weirdness & Mutations

You are too large for most types of armour.
You have claws for hands.
Your metabolism is lightning-fast.
You like to eat raw meat.
Your natural rate of healing is unusually fast.
You are covered in fur. (AC +1)
You have very tough skin. (AC +2)


Message History

Duvessa is severely wounded.
Duvessa misses you.
Throwing (i - inventory. (/) - cycle)
j - 5 large rocks (quivered)
Press: ? - help, Shift-Dir - straight line, f - Duvessa
Aim: Duvessa, wielding a rapier and wearing a ring mail (severely wounded, You throw a large rock.
The large rock barely misses Duvessa.
The large rock hits the adder!!
You kill the adder!
Duvessa hits you with a rapier!
* * * LOW HITPOINT WARNING * * *
Duvessa closely misses you. x2
Throwing (i - inventory. (/) - cycle)
j - 4 large rocks (quivered)
Press: ? - help, Shift-Dir - straight line, f/p - Duvessa
Aim: Duvessa, wielding a rapier and wearing a ring mail (severely wounded, You throw a large rock.
The large rock hits Duvessa!
Duvessa is almost dead.
Duvessa hits you with a rapier.
* * * LOW HITPOINT WARNING * * *
Duvessa hits you with a rapier!
You die...

###.### ##......# ....#
#......##
#...#####.##.### .#
#.#.......##.## #.#
#.######..# ..# #.# #.#
#...###.# #.####### #.#
#..#...#.## #.......#
#.#
#.####....#####.......#
..# #.
####..@e(........# ###
.. ###.##.........# .#
#....>.#.......# #+
#......#)......#
#......$.##.######
..........# .#
...###.....# .# ...
####### .# .. ..


You could see Duvessa (berserk).

Vanquished Creatures
  Pikel (D:4)
  A slave (D:3)
  An ogre (D:4)
  Blork the orc (D:4)
  Dowan (D:4)
  A howler monkey (D:2)
  A hound (D:3)
  A jelly (D:3)
  An orc wizard (D:3)
  4 worker ants
  4 adders
  4 gnolls
  An ooze (D:1)
  A worm (D:2)
  2 dart slugs
  A leopard gecko (D:4)
  14 orcs
  13 bats
  6 giant cockroaches
  12 goblins
  10 hobgoblins
  7 kobolds
  3 quokkas (D:3)
  A ball python (D:1)
  8 frilled lizards
  A jackal skeleton (D:4)
  11 rats
112 creatures vanquished.

Vanquished Creatures (others)
  An orc (D:4)
1 creature vanquished.

Grand Total: 113 creatures vanquished

Notes
Turn   | Place    | Note
-------+----------+-------------------------------------------
     0 | D:1      | MisterFreud the Troll Monk began the quest for the Orb.
     0 | D:1      | Reached XP level 1. HP: 22/22 MP: 0/0
    64 | D:1      | Reached XP level 2. HP: 29/29 MP: 1/1
   271 | D:1      | Reached skill level 4 in Unarmed Combat
   537 | D:1      | Reached XP level 3. HP: 36/36 MP: 2/2
   915 | D:2      | Reached skill level 5 in Unarmed Combat
   915 | D:2      | Reached XP level 4. HP: 34/44 MP: 3/3
  1000 | D:3      | Reached XP level 5. HP: 13/50 MP: 4/4
  1068 | D:2      | Reached skill level 6 in Unarmed Combat
  1539 | D:3      | Reached XP level 6. HP: 57/59 MP: 5/5
  1560 | D:3      | Reached skill level 7 in Unarmed Combat
  2226 | D:4      | Noticed a slave
  2230 | D:4      | Noticed Pikel
  2236 | D:4      | Noticed a slave
  2247 | D:3      | Killed a slave
  2330 | D:4      | Noticed Blork the orc
  2336 | D:4      | Killed Blork the orc
  2494 | D:4      | Noticed a slave
  2503 | D:4      | Noticed a slave
  2523 | D:4      | Killed Pikel
  2523 | D:4      | Reached skill level 8 in Unarmed Combat
  2523 | D:4      | Reached XP level 7. HP: 32/66 MP: 6/6
  2690 | D:4      | Noticed Duvessa
  2690 | D:4      | Noticed Dowan
  2693 | D:4      | Killed Dowan
  2693 | D:4      | Reached skill level 1 in Throwing
  2693 | D:4      | Reached XP level 8. HP: 72/74 MP: 7/7
  2708 | D:4      | Slain by Duvessa

Vault maps used:
D:1:      matt_arrival_spirals
D:3:      minmay_splitting_lines
D:4:      gammafunk_temple_overflow_statue, first_ration, minmay_ogre_servants,
          uniq_blork_the_orc, uniq_pikel, uniq_duvessa

Skill      XL: |  1  2  3  4  5  6  7 |
---------------+----------------------+-----
Unarmed Combat | 4 5 6 8 |  8.8
Shields        | 2 3 |  3.1
Throwing       | 1 |  1.1
Fighting       | |  2.4
Dodging        | |  2.4
Stealth        | |  1.0

Action                   |  1- 3 |  4- 6 |  7- 9 || total
-------------------------+-------+-------+-------++-------
Melee: Unarmed           |    99 |   177 |    33 ||   309
       Punch             |       |     6 |     1 ||     7
Throw: Large rock        |       |       |     2 ||     2
  Use: Potion            |       |     1 |       ||     1
       Scroll            |       |    11 |       ||    11
 Stab: Sleeping          |     2 |       |       ||     2
  Eat: Chunk             |    14 |    15 |     1 ||    30
Armor: Robe              |    39 |    61 |     3 ||   103
Dodge: Dodged            |    71 |   106 |    10 ||   187

Table legend:
 A = Non-vault XP
 B = Vault XP
 C = Vault XP percentage of total XP
 D = Non-vault monster count
 E = Vault monster count
 F = Vault count percentage of total count
                 A         B        C        D         E       F
            +---------+---------+-------+---------+---------+-------
      Total |     587 |     885 |  60.1 |      99 |      12 |  10.8
            +---------+---------+-------+---------+---------+-------
        D:1 |      44 |       0 |   0.0 |      24 |       0 |   0.0
        D:2 |     160 |       0 |   0.0 |      25 |       0 |   0.0
        D:3 |     255 |       0 |   0.0 |      36 |       0 |   0.0
        D:4 |     128 |     885 |  87.4 |      14 |      12 |  46.2
            +---------+---------+-------+---------+---------+-------
